Map: Seething Jungle

Players

xXGREEXx - Winner!

  • Race: Zerg Zerg
  • Spawn Location: 1:00

starlord - Winner!

  • Race: Terran Terran
  • Spawn Location: 12:00

Duncan

  • Race: Protoss Protoss
  • Spawn Location: 6:00

EdibleDXX

  • Race: Terran Terran
  • Spawn Location: 7:00

VOD

Have the link to the VOD?

Description

Time

  • Played on: Dec. 22, 2015, 1:19 p.m.
  • Length: 7:04
Show
View Real Time Build Order
Export as new Build Order

xXGREEXx Zerg - Winner!

Build Orders: Pool Only 

Get SALT Encoding   

  12  0:19  Spawning Pool  
  12  0:21  Extractor  
  10  0:24  Drone  
  11  0:30  Drone  
  11  0:35  Drone  
  13  0:45  Overlord  
  13  1:10  Queen  
  15  1:18  Roach Warren  
  14  1:23  Drone  
  15  1:28  Drone  
  16  1:40  Overlord  
  16  1:45  Drone  
  17  1:52  Extractor  
  17  1:53  Drone  
  17  1:59  Roach  
  19  2:09  Roach  
  21  2:21  Drone x2  
  21  2:22  Drone  
  24  2:27  Ravager  
  25  2:30  Ravager  
  26  2:40  Overlord  
  26  2:46  Roach  
  28  2:52  Roach  
  30  3:07  Ravager  
  30  3:10  Roach x2  
  35  3:22  Overlord  
  35  3:31  Drone x2  
  37  3:43  Roach  
  37  3:44  Roach x2  
  40  4:17  Ravager  
  41  4:22  Roach x2  
  45  5:01  Ravager  
Show
View Real Time Build Order
Export as new Build Order

starlord Terran - Winner!

Build Orders:  

Get SALT Encoding   

  12  0:45  Supply Depot  
  12  1:11  Barracks  
  12  1:31  Refinery  
  12  1:49  SCV  
  13  2:00  Barracks  
  13  2:01  SCV  
  14  2:14  SCV  
  15  2:41  Barracks Reactor  
  15  2:48  Barracks  
  15  2:51  Barracks Reactor  
  15  3:03  Supply Depot  
  15  3:37  Supply Depot  
  15  3:55  Barracks Reactor  
  15  4:01  Supply Depot  
  15  4:50  Marine x6  
  21  5:07  Marine  
  21  5:08  Marine x5  
  27  5:25  Marine x2  
  27  5:26  Marine x4  
  33  5:43  Marine x3  
  33  5:44  Marine x3  
  39  6:01  Marine x4  
  39  6:02  Marine x2  
  45  6:19  Marine x2  
  47  6:48  Supply Depot  
Show
View Real Time Build Order
Export as new Build Order

Duncan Protoss 

Build Orders:  

Get SALT Encoding   

  12  0:05  Probe (Chrono Boost)  
  13  0:15  Probe (Chrono Boost)  
  14  0:25  Pylon  
  14  0:54  Gateway  
  14  0:58  Assimilator  
  14  1:28  Pylon  
  14  1:35  Probe (Chrono Boost)  
  15  1:44  Cybernetics Core  
  15  1:46  Probe (Chrono Boost)  
  16  1:50  Pylon  
  16  1:56  Probe (Chrono Boost)  
  17  2:06  Assimilator  
  17  2:07  Probe (Chrono Boost)  
  18  2:13  Zealot  
  20  2:22  Gateway  
  20  2:32  Probe (Chrono Boost)  
  21  2:43  Probe (Chrono Boost)  
  22  2:45  Warp Gate (Chrono Boost)  
  22  2:53  Robotics Facility  
  22  3:00  Pylon  
  22  3:06  Pylon  
  22  3:17  Zealot  
  24  3:51  Pylon  
  24  4:13  Zealot  
Show
View Real Time Build Order
Export as new Build Order

EdibleDXX Terran 

Build Orders:  

Get SALT Encoding   

  12  0:07  SCV  
  13  0:19  SCV  
  14  0:31  SCV  
  15  0:44  Supply Depot  
  15  0:53  Supply Depot  
  15  0:59  Engineering Bay  
  15  1:06  SCV  
  17  1:18  SCV  
  17  1:30  SCV  
  18  1:42  SCV  
  19  1:53  Refinery  
  19  1:58  Refinery  
  19  2:05  Barracks  
  19  2:15  Missile Turret  
  19  2:34  SCV  
  20  2:44  Supply Depot  
  20  2:46  SCV  
  21  2:53  Terran Infantry Weapons Level 1  
  21  2:56  Marine  
  21  2:58  SCV  
  23  3:10  SCV  
  24  3:14  Marine  
  25  3:22  SCV  
  25  3:26  Supply Depot  
  26  3:28  Command Center  
  26  3:32  Marine  
  26  3:33  Factory  
  27  3:34  SCV  
  28  3:46  SCV  
  29  3:49  Barracks  
  29  3:50  Marine  
  30  3:58  SCV  
  31  4:08  Marine  
  32  4:10  SCV  
  32  4:14  Missile Turret  
  29  4:26  Marine  
  29  4:28  Hellion  
  32  4:43  Marine  
  32  4:49  Hellion  
  33  5:01  Marine  
  31  5:19  Marine  
  29  5:37  Marine  
Tags
 
Add a new tag
Caveats
  • Supply blocks, unpowered buildings, or Contaminate may cause inaccurate times.
  • Supply counts are checked every 10 seconds.